 Dungeon Crawl Stone Soup version 0.24-a0-335-g06ca16a (webtiles) character file.

Game seed: 5103397167987393658

7873 mhoghedin the Reanimator (level 11, 0/87 HPs)
             Began as a Mummy Necromancer on May 19, 2019.
             Was a Priest of Vehumet.
             Slain by a wight
             ... wielding a +0 trident
              (10 damage)
             ... on level 11 of the Dungeon.
             The game lasted 00:36:41 (11872 turns).

mhoghedin the Reanimator (Mummy Necromancer)       Turns: 11872, Time: 00:36:42

Health: 0/87       AC: 12    Str: 13    XL:     11   Next: 2%
Magic:  7/16       EV: 16    Int: 20    God:    Vehumet [***...]
Gold:   548        SH:  5    Dex: 15    Spells: 1/17 levels left

rFire    . . .     SeeInvis .   b - +1 dagger (venom)
rCold    + . .     Gourm    .   B - +1 buckler
rNeg     + + +     Faith    .   j - +0 troll leather armour {regen}
rPois    ∞         Spirit   .   e - +2 helmet {Int+3}
rElec    .         Reflect  .   l - +2 cloak
rCorr    .         Harm     .   p - +0 pair of gloves {Dex+3}
MR       +....                  f - +0 pair of boots
Stlth    ++........             (no amulet)
HPRegen  0.64/turn              h - ring of wizardry {Wiz+, !d}
MPRegen  0.15/turn              u - ring of protection from fire {rF+, !d}

@: about to teleport
A: no food or potions, fire vulnerability, cold resistance 1, negative energy
resistance 3, torment resistance, unbreathing
a: Renounce Religion


You were on level 11 of the Dungeon.
You worshipped Vehumet.
Vehumet was most pleased with you.
You were not hungry.

You visited 1 branch of the dungeon, and saw 11 of its levels.
You also visited: Bailey.

You collected 697 gold pieces.
You spent 149 gold pieces at shops.

Inventory:

Hand Weapons
 b - a +1 dagger of venom (weapon)
   (You took it off a goblin on level 2 of the Dungeon)
Armour
 d - a +1 robe of magic resistance
   (You took it off a wight on level 9 of the Dungeon)
 e - a +2 helmet of intelligence (worn)
   (You took it off Robin on level 2 of the Dungeon)
 f - a +0 pair of boots (worn)
   (You found it on level 1 of the Dungeon)
 j - a +0 troll leather armour (worn) {regen}
   (You found it on level 9 of the Dungeon)
 l - a +2 cloak (worn)
   (You found it on level 3 of the Dungeon)
 n - a scarf of cloud immunity
   (You found it on level 3 of the Dungeon)
 p - a +0 pair of gloves of dexterity (worn)
   (You bought it in a shop on level 8 of the Dungeon)
 B - a +1 buckler (worn)
   (You took it off a crimson imp on level 8 of the Dungeon)
Magical Staves
 a - an uncursed staff of death {rN+}
   (You acquired it on level 9 of the Dungeon)
 r - an uncursed staff of air {rElec}
   (You found it on level 9 of the Dungeon)
Jewellery
 h - a ring of wizardry (left hand) {Wiz+, !d}
   (You found it on level 1 of the Dungeon)
 u - a ring of protection from fire (right hand) {rF+, !d}
   (You found it on level 9 of the Dungeon)
Wands
 m - a wand of clouds (8)
   (You found it on level 7 of the Dungeon)
 o - a wand of iceblast (4)
   (You found it on level 3 of the Dungeon)
 q - a wand of disintegration (15)
   (You found it on level 8 of the Dungeon)
 w - a wand of enslavement (2)
   (You found it on level 6 of the Dungeon)
 x - a wand of random effects (41)
   (You found it on level 6 of the Dungeon)
 D - a wand of digging (3)
   (You found it on level 9 of the Dungeon)
Scrolls
 c - 4 scrolls of teleportation
 g - 3 scrolls of remove curse
 k - 2 scrolls of blinking {!r}
 v - a scroll of enchant weapon
 z - a scroll of fear
 A - a scroll of brand weapon


   Skills:
 - Level 8.5 Fighting
 - Level 7.4 Dodging
 - Level 1.5 Stealth
 - Level 1.0 Shields
 + Level 3.7 Spellcasting
 - Level 6.0 Conjurations
 - Level 4.5 Hexes
 - Level 8.5 Necromancy


You had one spell level left.
You knew the following spells:

 Your Spells              Type           Power        Failure   Level  Hunger
a - Pain                  Necr           ####         1%          1    N/A
b - Animate Dead          Necr           N/A          3%          4    N/A
c - Dazzling Spray        Conj/Hex       ###...       1%          3    N/A
d - Fulminant Prism       Conj/Hex       ###.......   3%          4    N/A
x - Vampiric Draining     Necr           #####.....   1%          3    N/A
A - Animate Skeleton      Necr           N/A          1%          1    N/A

Your spell library contained the following spells:

 Spells                   Type           Power        Failure   Level  Hunger
 Mephitic Cloud           Conj/Pois/Air  ##......     4%          3    N/A
 Magic Dart               Conj           ####         1%          1    N/A
 Summon Butterflies       Summ           #.......     11%         1    N/A
 Corpse Rot               Necr           N/A          1%          2    N/A
 Searing Ray              Conj           ####..       1%          2    N/A
 Stone Arrow              Conj/Erth      ###...       2%          3    N/A
 Iskenderun's Mystic Bla  Conj           ####....     2%          4    N/A
 Force Lance              Conj/Tloc      ###.....     9%          4    N/A
 Passwall                 Tmut/Erth      #.......     16%         2    N/A
 Leda's Liquefaction      Hex/Erth       ##........   36%         4    N/A
 Alistair's Intoxication  Tmut/Pois      #.......     93%         5    N/A
 Summon Forest            Summ/Tloc      #.........   93%         5    N/A
 Malign Gateway           Summ/Tloc      #.........   100%        7    N/A
 Summon Hydra             Summ           #.........   100%        7    N/A
 Beastly Appendage        Tmut           Unusable     N/A         1    N/A
 Regeneration             Chrm/Necr      Unusable     N/A         3    N/A
 Hydra Form               Tmut           Unusable     N/A         6    N/A

Dungeon Overview and Level Annotations

Branches:
Dungeon (10/15)            Temple (0/1) D:4
   Lair: D:8-11         Orc: D:9-12

Altars:
Ashenzari
Elyvilon
Fedhas
Gozag
Hepliaklqana
Kikubaaqudgha
Makhleb
Trog
Vehumet
Wu Jian
Yredelemnul

Shops:
D:5 %   D:6 *   D:8 [   D:11 (

Annotations:
D:3 1 runed translucent door, PeterLawrence's ghost, amateur MiFi
D:4 2 runed translucent doors, Voxish's ghost, amateur CeWn


Innate Abilities, Weirdness & Mutations

You do not eat or drink.
Your flesh is vulnerable to fire.
You are immune to poison.
Your flesh is cold resistant. (rC+)
You are immune to negative energy. (rN+++)
You are immune to unholy pain and torment.
You can survive without breathing.


Message History

The scorpion stings your black bear zombie.
The orc priest hits you but does no damage.
Your howler monkey zombie hits the orc priest.
You hit the orc priest.
The orc priest is poisoned.
The worker ant barely misses your howler monkey zombie.
The scorpion stings your black bear zombie!
Your black bear zombie barely misses the scorpion.
Your black bear zombie completely misses the scorpion. x2
The orc priest misses you.
Your howler monkey zombie hits the orc priest.
The worker ant bites your howler monkey zombie!
You closely miss the orc priest.
A gargoyle comes into view. It is wielding a +0 mace.
The scorpion stings your black bear zombie.
Your black bear zombie closely misses the scorpion.
Your black bear zombie claws the scorpion but does no damage. x2
The orc priest hits your howler monkey zombie.
The worker ant bites your howler monkey zombie!
Your howler monkey zombie is destroyed!
Your shield and troll leather armour prevent you from hitting the orc priest.
You kill the orc priest!
Vehumet accepts your kill.
You feel your power returning.
Your Conjurations skill increases to level 6!
The scorpion stings your black bear zombie!
Your black bear zombie is destroyed!
As you read the scroll of teleportation, it crumbles to dust.
You feel strangely unstable. You block the orc wizard's attack.
The worker ant closely misses you.
Unknown command.
You hit the scorpion but do no damage.
The scorpion is poisoned.
You block the worker ant's attack. The scorpion barely misses you.
The orc wizard barely misses you.
You hit the scorpion.
Your surroundings suddenly seem different.
Found Qot Uliu's Antique Weapon Shoppe.
There is an entrance to Qot Uliu's Antique Weapon Shoppe here.
Unknown command.
You start resting.
Vehumet accepts your kill.
You feel your power returning.
You feel a bit more experienced.
You regained 2 hp, and now have 44/87 hp.
You regained 2 mp, and now have 7/16 mp.
Unknown command.
You start resting.
Health restored: 87; MP restored: 16
Okay, then.
You open the door.
There is an open door here.
A cyan ugly thing comes into view.
You conjure a prism of explosive energy!
The cyan ugly thing gurgles horribly!
You now have 12/16 mp.
Your fulminant prism crackles loudly.
There is an open door here.
The blast of energy engulfs the cyan ugly thing!
Aim: a cyan ugly thing (moderately wounded)
The spray of energy hits the cyan ugly thing!
The cyan ugly thing closely misses you.
You now have 9/16 mp.
Aim: a cyan ugly thing (moderately wounded)
The spray of energy hits the cyan ugly thing.
The cyan ugly thing is dazzled.
The cyan ugly thing gores you! The cyan ugly thing shocks you!
You take 25 damage, and have 62/87 hp.
MASSIVE DAMAGE!!
You now have 6/16 mp.
You hit the cyan ugly thing but do no damage.
The cyan ugly thing gores you. The cyan ugly thing shocks you!
You take 20 damage, and have 42/87 hp.
MASSIVE DAMAGE!!
Aim: a cyan ugly thing (moderately wounded, blind)
You create a blast of noxious fumes!
The cyan ugly thing is engulfed in noxious fumes.
The cyan ugly thing misses you.
The cyan ugly thing is no longer blind.
The cyan ugly thing is engulfed in noxious fumes.
The cyan ugly thing appears confused.
There is an entrance to Qot Uliu's Antique Weapon Shoppe here.
You hit the cyan ugly thing but do no damage.
A wight opens the door.
A wight comes into view.
It is wielding a +5 short sword of freezing.
A wight comes into view. It is wielding a +0 great sword.
You hit the cyan ugly thing but do no damage.
The cyan ugly thing is poisoned.
The cyan ugly thing gores you. The cyan ugly thing shocks you!
* * * LOW HITPOINT WARNING * * *
You take 19 damage, and have 25/87 hp.
MASSIVE DAMAGE!!
As you read the scroll of teleportation, it crumbles to dust.
You feel strangely unstable. The cyan ugly thing gores you.
* * * LOW HITPOINT WARNING * * *
The cyan ugly thing shocks you!
* * * LOW HITPOINT WARNING * * *
You take 16 damage, and have 9/87 hp.
Unknown command.
A bullfrog skeleton comes into view.
The wight hits you from afar with a +0 trident!
You die...

##
?##########..
......Z....
#...§§§# #§§#
###§###
#§§§§§#
#.##§⌠@§§#
#.zzz.∩u.+
....#≈⌠.⌠≈#
.## #≈≈.≈§#
###+###


You could see a cyan ugly thing (confused), 3 wights and a bullfrog skeleton
(wandering).

Vanquished Creatures
  Erica (D:10)
  A two-headed ogre (D:8)
  An orc knight (Bailey)
  Pikel (D:8)
  Psyche (D:10)
  A troll (D:9)
  A hornet (D:7)
  A hippogriff (D:7)
  2 wraiths (D:9)
  A wyvern (D:9)
  A warg (D:11)
  A water moccasin (D:6)
  4 orc warriors
  A slave (D:8)
  2 necrophages
  3 ice beasts
  A black bear (D:11)
  6 ogres
  A centaur (D:8)
  4 bullfrogs
  6 scorpions
  6 killer bees (D:9)
  3 electric eels (D:7)
  2 wights (D:9)
  6 howler monkeys
  3 crimson imps
  2 centaur zombies
  A bullfrog zombie (D:5)
  2 jellies
  A quasit (D:8)
  A bullfrog skeleton (D:6)
  7 hounds
  2 centaur skeletons
  5 orc priests
  3 iguanas
  11 worker ants
  A hound skeleton (D:8)
  Robin (D:2)
  4 gnolls (D:2)
  A howler monkey skeleton (D:7)
  12 adders
  A shadow imp (D:5)
  An ooze (D:4)
  2 adder skeletons
  An adder zombie (D:6)
  2 worms
  3 dart slugs
  4 leopard geckos
  20 orcs
  2 ball pythons
  3 giant cockroaches
  13 goblins
  14 hobgoblins
  5 jackals
  5 bats
  2 frilled lizards
  A giant cockroach zombie (D:6)
  25 kobolds
  A quokka skeleton (D:5)
  14 rats
234 creatures vanquished.

Vanquished Creatures (collateral kills)
  2 orc warriors (Bailey)
  A wight (D:9)
  2 jackals (D:11)
5 creatures vanquished.

Vanquished Creatures (others)
  A necrophage (D:8)
  A howler monkey (D:8)
  A centaur zombie (D:8)
  15 fulminant prisms
18 creatures vanquished.

Grand Total: 257 creatures vanquished

Notes
Turn   | Place    | Note
-------+----------+-------------------------------------------
     0 | D:1      | mhoghedin the Mummy Necromancer began the quest for the
                  | Orb.
     0 | D:1      | Reached XP level 1. HP: 13/13 MP: 4/4
   269 | D:1      | Reached XP level 2. HP: 14/19 MP: 0/5
   665 | D:2      | Reached skill level 5 in Necromancy
   665 | D:2      | Reached XP level 3. HP: 23/24 MP: 2/7
   838 | D:2      | Noticed Robin
   869 | D:2      | Killed Robin
  1079 | D:2      | Reached XP level 4. HP: 15/30 MP: 4/8
  1096 | D:2      | HP: 5/30 [gnoll/+0 club (5)]
  1143 | D:2      | HP: 7/30 [gnoll (1)]
  1148 | D:2      | Learned a level 1 spell: Animate Skeleton
  1152 | D:2      | Learned a level 3 spell: Vampiric Draining
  1202 | D:2      | Reached skill level 6 in Necromancy
  1910 | D:3      | Reached XP level 5. HP: 35/35 MP: 1/9
  1929 | D:3      | Learned a level 4 spell: Animate Dead
  2328 | D:3      | Found a runed translucent door.
  2330 | D:3      | Noticed PeterLawrence's ghost (amateur MiFi)
  3026 | D:4      | Reached skill level 7 in Necromancy
  3031 | D:4      | Found a radiant altar of Vehumet.
  3047 | D:4      | Became a worshipper of Vehumet
  3143 | D:4      | Reached XP level 6. HP: 34/41 MP: 0/10
  3670 | D:4      | Reached skill level 8 in Necromancy
  3737 | D:4      | Found a staircase to the Ecumenical Temple.
  3960 | D:4      | Found a large runed translucent door.
  3960 | D:4      | Found a large runed translucent door.
  3964 | D:4      | Noticed Voxish's ghost (amateur CeWn)
  4345 | D:5      | Entered Level 5 of the Dungeon
  4371 | D:5      | Noticed an ice beast
  4376 | D:5      | Reached XP level 7. HP: 46/46 MP: 0/11
  4708 | D:4      | Reached skill level 1 in Fighting
  4708 | D:4      | Reached skill level 2 in Dodging
  4752 | D:5      | Reached skill level 2 in Fighting
  4892 | D:5      | Found a basalt altar of Yredelemnul.
  4896 | D:5      | Found an opulent altar of Gozag.
  5020 | D:5      | Found a white marble altar of Elyvilon.
  5020 | D:5      | Found a faded altar of an unknown god.
  5026 | D:5      | Found an ornate altar of the Wu Jian Council.
  5028 | D:5      | Found a hazy altar of Hepliaklqana.
  5030 | D:5      | Found a faded altar of an unknown god.
  5053 | D:5      | Reached skill level 3 in Dodging
  5057 | D:5      | Found Guklo's Food Shop.
  5153 | D:5      | Reached skill level 3 in Fighting
  5387 | D:5      | Reached * piety under Vehumet
  5387 | D:5      | Offered knowledge of Sting by Vehumet.
  5387 | D:5      | Reached XP level 8. HP: 58/58 MP: 12/12
  5459 | D:5      | Found an ancient bone altar of Kikubaaqudgha.
  5466 | D:5      | Found a blossoming altar of Fedhas.
  5931 | D:6      | Reached skill level 4 in Fighting
  6039 | D:6      | Reached skill level 4 in Dodging
  6603 | D:6      | Found Ozixe's Serpentskin Sales.
  6613 | D:6      | Reached skill level 5 in Fighting
  6754 | D:7      | Identified Worheson's Handbook of Mutagenic Calling
  7200 | D:7      | Reached skill level 5 in Dodging
  7241 | D:7      | Noticed a hornet
  7274 | D:7      | Killed a hornet
  7274 | D:7      | Reached skill level 6 in Fighting
  7576 | D:7      | Noticed a hippogriff
  7585 | D:7      | Killed a hippogriff
  7585 | D:7      | Reached XP level 9. HP: 71/71 MP: 13/13
  7623 | D:7      | Reached skill level 6 in Dodging
  7989 | D:7      | Reached skill level 7 in Fighting
  8119 | D:8      | Noticed a two-headed ogre
  8126 | D:8      | Killed a two-headed ogre
  8169 | D:8      | Reached skill level 8 in Fighting
  8311 | D:8      | Reached skill level 7 in Dodging
  8393 | D:8      | Found a burning altar of Makhleb.
  8427 | D:8      | Reached ** piety under Vehumet
  8427 | D:8      | Offered knowledge of Sandblast by Vehumet.
  8537 | D:8      | Noticed Pikel
  8608 | D:8      | Killed Pikel
  8798 | D:8      | Learned a level 3 spell: Dazzling Spray
  8838 | D:8      | Reached skill level 3 in Spellcasting
  8847 | D:8      | Found Uthuk's Armour Boutique.
  8852 | D:8      | Reached XP level 10. HP: 82/82 MP: 9/15
  8973 | D:8      | Bought a +0 pair of gloves of dexterity for 149 gold pieces
  8988 | D:8      | Learned a level 4 spell: Fulminant Prism
  9094 | D:9      | Found a flagged portal.
  9108 | Bailey   | Entered a bailey
  9705 | Bailey   | Noticed an orc knight
  9710 | Bailey   | Reached skill level 1 in Conjurations
  9710 | Bailey   | Reached skill level 1 in Hexes
  9741 | Bailey   | Killed an orc knight
  9741 | Bailey   | Reached skill level 2 in Conjurations
  9741 | Bailey   | Reached skill level 2 in Hexes
  9883 | D:9      | Found a shattered altar of Ashenzari.
  9990 | D:9      | Identified a scroll of acquirement
 10201 | D:9      | Reached skill level 3 in Hexes
 10310 | D:9      | Offered knowledge of Mephitic Cloud by Vehumet.
 10348 | D:9      | Reached skill level 3 in Conjurations
 10379 | D:9      | Reached skill level 4 in Hexes
 10380 | D:9      | Reached *** piety under Vehumet
 10388 | D:9      | Reached skill level 4 in Conjurations
 11208 | D:10     | Entered Level 10 of the Dungeon
 11216 | D:10     | Found a bloodstained altar of Trog.
 11244 | D:10     | Noticed a gargoyle
 11249 | D:10     | Reached skill level 1 in Shields
 11433 | D:10     | Noticed Erica
 11459 | D:10     | Killed Erica
 11459 | D:10     | Reached skill level 5 in Conjurations
 11559 | D:10     | Got a topaz-encrusted ring mail
 11579 | D:10     | Noticed Psyche
 11591 | D:10     | Killed Psyche
 11604 | D:10     | Identified the +2 ring mail "Mikkiag" {-Cast Dex+2 Slay+3}
                  | (You found it on level 10 of the Dungeon)
 11665 | D:10     | You fall through a shaft!
 11757 | D:11     | Reached XP level 11. HP: 45/87 MP: 5/16
 11778 | D:11     | Reached skill level 6 in Conjurations
 11781 | D:11     | Found Qot Uliu's Antique Weapon Shoppe.
 11859 | D:11     | Noticed a cyan ugly thing
 11871 | D:11     | HP: 9/87 [cyan ugly thing (13)]
 11872 | D:11     | Slain by a wight

Levels and vault maps discovered:
D:1:      scummos_arrival_gate, layout_rooms
D:2:      layout_basic, uniq_robin
D:3:      layout_basic, first_ration, serial_corexii_hall,
          chequers_hall_statues_wall_a, corexii_hall_statues_s,
          corexii_hall_statues_deadend, corexii_hall_statues_i,
          hellmonk_ghost_happy_afterlife, hangedman_decor_points
D:4:      layout_gridville, vehumet_altar_wand_db,
          minmay_temple_entry_enclosed_plants, ebering_ghost_disaster_area
D:5:      layout_loops_ring, grunt_temple_overflow_growth_and_decay,
          grunt_temple_overflow_open, chequers_temple_overflow_minitemple,
          serial_shops, nicolae_shop_statue_plus,
          minmay_fractal_squares_diagonal_5
D:6:      layout_basic, guppyfry_shop_venom
D:7:      layout_layer_cave, serial_bayou, serial_bayou_pond_b,
          serial_bayou_lake_a, serial_bayou_ford_a, serial_bayou_pond_a
D:8:      layout_cave_pools, makhleb_blood_cavern_becter, serial_shops, shop,
          uniq_pikel
D:9:      layout_basic, old_standard_altar, enter_bailey_2, minmay_radiant
D:10:     layout_big_octagon, grunt_tengu_nest, minivault_26, bloody_trog,
          uniq_erica, uniq_psyche
D:11:     layout_loops_ring, erik_lair_orcish_takeover, serial_shops,
          kennysheep_little_box

Skill      XL: |  1  2  3  4  5  6  7  8  9 10 11 |
---------------+----------------------------------+-----
Necromancy     | 5 6 7 8 |  8.5
Fighting       | 3 6 8 |  8.5
Dodging        | 3 5 7 |  7.4
Spellcasting   | 3 |  3.7
Conjurations   | 5 6 |  6.0
Hexes          | 4 |  4.5
Shields        | 1 |  1.0
Stealth        | |  1.5

Action                   |  1- 3 |  4- 6 |  7- 9 | 10-12 || total
-------------------------+-------+-------+-------+-------++-------
Melee: Dagger            |    19 |    54 |   358 |    98 ||   529
       Staff             |       |       |       |     9 ||     9
Throw: Javelin           |       |       |       |     6 ||     6
 Cast: Pain              |    59 |   134 |   128 |    74 ||   395
       Vampiric Draining |       |     1 |    13 |    17 ||    31
       Dazzling Spray    |       |       |       |    23 ||    23
       Fulminant Prism   |       |       |       |    15 ||    15
       Animate Dead      |       |       |       |     2 ||     2
Evoke: Wand              |       |     1 |    14 |    16 ||    31
  Use: Scroll            |       |       |    14 |    10 ||    24
 Stab: Sleeping          |     1 |       |     1 |       ||     2
       Confused          |       |       |       |     1 ||     1
       Invisible         |       |       |       |     1 ||     1
Armor: Robe              |     9 |    26 |   175 |    50 ||   260
       Troll leather arm |       |       |       |    13 ||    13
Dodge: Dodged            |    24 |    53 |   306 |   354 ||   737
Block: Buckler           |       |       |     1 |    86 ||    87

Table legend:
 A = Non-vault XP
 B = Vault XP
 C = Vault XP percentage of total XP
 D = Non-vault monster count
 E = Vault monster count
 F = Vault count percentage of total count
                 A         B        C        D         E       F
            +---------+---------+-------+---------+---------+-------
      Total |    6718 |    4530 |  40.3 |     180 |      60 |  25.0
            +---------+---------+-------+---------+---------+-------
        D:1 |      25 |       0 |   0.0 |      16 |       0 |   0.0
        D:2 |     120 |      27 |  18.4 |      22 |       7 |  24.1
        D:3 |     126 |       0 |   0.0 |      28 |       0 |   0.0
        D:4 |     461 |       2 |   0.4 |      14 |       1 |   6.7
        D:5 |     536 |     247 |  31.5 |      19 |       6 |  24.0
        D:6 |     479 |     166 |  25.7 |      11 |       2 |  15.4
        D:7 |    1325 |       0 |   0.0 |      17 |       0 |   0.0
        D:8 |    1429 |     709 |  33.2 |      14 |       3 |  17.6
        D:9 |    1568 |     781 |  33.2 |      28 |       4 |  12.5
       D:10 |      36 |    1331 |  97.4 |       1 |       2 |  66.7
       D:11 |     613 |     185 |  23.2 |      10 |       3 |  23.1
     Bailey |       0 |    1082 | 100.0 |       0 |      32 | 100.0
            +---------+---------+-------+---------+---------+-------

Levels and vault maps discovered:
D:1:      scummos_arrival_gate, layout_rooms
D:2:      layout_basic, uniq_robin
D:3:      layout_basic, first_ration, serial_corexii_hall,
          chequers_hall_statues_wall_a, corexii_hall_statues_s,
          corexii_hall_statues_deadend, corexii_hall_statues_i,
          hellmonk_ghost_happy_afterlife, hangedman_decor_points
D:4:      layout_gridville, vehumet_altar_wand_db,
          minmay_temple_entry_enclosed_plants, ebering_ghost_disaster_area
D:5:      layout_loops_ring, grunt_temple_overflow_growth_and_decay,
          grunt_temple_overflow_open, chequers_temple_overflow_minitemple,
          serial_shops, nicolae_shop_statue_plus,
          minmay_fractal_squares_diagonal_5
D:6:      layout_basic, guppyfry_shop_venom
D:7:      layout_layer_cave, serial_bayou, serial_bayou_pond_b,
          serial_bayou_lake_a, serial_bayou_ford_a, serial_bayou_pond_a
D:8:      layout_cave_pools, makhleb_blood_cavern_becter, serial_shops, shop,
          uniq_pikel
D:9:      layout_basic, old_standard_altar, enter_bailey_2, minmay_radiant
D:10:     layout_big_octagon, grunt_tengu_nest, minivault_26, bloody_trog,
          uniq_erica, uniq_psyche
D:11:     layout_loops_ring, erik_lair_orcish_takeover, serial_shops,
          kennysheep_little_box

Table legend:
 A = Turns spent in this place as a percentage of turns spent in the entire game.
 B = Non-inter-level travel turns spent in this place as a percentage of non-inter-level travel turns spent in the entire game.
 C = Inter-level travel turns spent in this place as a percentage of turns spent in this place.
 D = Turns resting spent in this place as a percentage of non-inter-level travel turns spent in this place.
 E = Turns spent auto-exploring this place as a percentage of non-inter-level travel turns spent in this place.
 F = Non-inter-level travel turns spent in this place divided by the number of levels of this place that you've seen.
                   A       B       C       D       E      F
               +-------+-------+-------+-------+-------+----------------------
         Total | 100.0 | 100.0 |   3.8 |  33.4 |  42.9 | 951.8
       Dungeon |  93.8 |  93.5 |   4.0 |  31.9 |  45.6 | 971.1
        Bailey |   6.2 |   6.5 |   0.0 |  55.3 |   3.5 | 740.0
               +-------+-------+-------+-------+-------+----------------------

Table legend:
 A = Kills in this place as a percentage of kills in entire the game.
 B = Kills by you in this place as a percentage of kills by you in the entire game.
 C = Kills by friends in this place as a percentage of kills by friends in the entire game.
 D = Other kills in this place as a percentage of other kills in the entire game.
 E = Experience gained in this place as a percentage of experience gained in the entire game.
 F = Experience gained in this place divided by the number of levels of this place that you have seen.
                   A       B       C       D       E      F
               +-------+-------+-------+-------+-------+----------------------
         Total | 100.0 | 100.0 | 100.0 | 100.0 | 100.0 | 937.3
       Dungeon |  86.7 |  89.0 |  60.0 |  28.6 |  90.4 | 924.2
        Bailey |  13.3 |  11.0 |  40.0 |  71.4 |   9.6 | 1082.0
               +-------+-------+-------+-------+-------+----------------------
